Map: Ice and Chrome LE

Players

maomao - Winner!

  • Race: Zerg Zerg
  • League: Gold
  • Spawn Location: 7:00

A.I. 1 (Harder)

  • Race: Zerg Zerg
  • Spawn Location: 1:00

VOD

Have the link to the VOD?

Description

Time

  • Played on: June 12, 2020, 2:26 p.m.
  • Length: 8:17
Show
View Real Time Build Order
Export as new Build Order

maomao Zerg - Winner!

Build Orders: Hatch First 

Get SALT Encoding   

  12  0:01  Drone  
  13  0:13  Overlord  
  13  0:17  Drone  
  14  0:31  Drone x2  
  16  0:50  Hatchery  
  16  0:54  Drone  
  17  0:57  Drone  
  17  0:59  Drone  
  18  1:08  Drone  
  19  1:11  Extractor  
  19  1:18  Spawning Pool  
  17  1:22  Drone  
  18  1:30  Drone  
  19  1:40  Drone  
  20  1:50  Overlord  
  20  2:04  Queen  
  20  2:06  Zergling x2  
  20  2:07  Zergling x2  
  26  2:14  Queen  
  26  2:16  Drone x2  
  28  2:25  Drone x2  
  30  2:30  Metabolic Boost  
  30  2:36  Drone x2  
  32  2:46  Overlord  
  32  2:48  Overlord  
  32  2:51  Queen x2  
  36  3:07  Drone x4  
  40  3:18  Drone x4  
  44  3:27  Overlord  
  44  3:32  Extractor x2  
  42  3:35  Evolution Chamber  
  42  3:36  Lair  
  42  3:37  Roach Warren  
  40  3:50  Drone x5  
  40  3:51  Overlord  
  40  3:52  Drone  
  40  3:53  Drone  
  47  4:03  Zerg Missile Weapons Level 1  
  47  4:04  Overlord  
  47  4:07  Drone  
  47  4:08  Drone  
  47  4:09  Drone  
  50  4:11  Drone  
  51  4:20  Drone x3  
  51  4:21  Roach  
  56  4:30  Roach x3  
  62  4:32  Roach  
  62  4:35  Roach  
  62  4:38  Glial Reconstitution  
  66  4:43  Roach  
  68  4:48  Hydralisk Den  
  68  4:51  Extractor  
  66  5:01  Drone x2  
  68  5:22  Grooved Spines  
  68  5:23  Hydralisk  
  68  5:24  Hydralisk  
  72  5:44  Hydralisk x2  
  72  5:47  Overlord x3  
  72  5:48  Hatchery  
  75  5:58  Zerg Missile Weapons Level 2  
  75  6:08  Roach  
  75  6:09  Roach x8  
  93  6:35  Overlord x4, Roach x2  
  93  6:36  Hydralisk  
  99  6:43  Muscular Augments  
  99  7:07  Hydralisk x3  
  105  7:10  Roach x4  
  105  7:14  Roach x4  
  123  7:19  Queen x2  
  123  7:20  Queen  
  123  7:21  Roach  
  123  7:22  Roach  
  129  7:24  Roach x2  
  125  7:31  Hydralisk  
  108  7:44  Roach  
  108  7:45  Roach x5  
  108  7:55  Roach x2  
Show
View Real Time Build Order
Export as new Build Order

A.I. 1 (Harder) Zerg 

Build Orders: 1 Base Baneling Bust, Pool First 

Get SALT Encoding   

  12  0:00  Drone  
  13  0:12  Overlord  
  13  0:16  Drone  
  14  0:31  Drone x2  
  16  0:43  Spawning Pool  
  16  0:45  Drone  
  16  0:49  Drone  
  17  0:53  Extractor  
  17  0:56  Drone  
  17  1:06  Overlord  
  17  1:31  Queen, Zergling x2  
  20  1:36  Roach Warren  
  20  1:38  Drone  
  20  1:43  Extractor, Zergling x2  
  20  1:49  Drone  
  21  2:00  Drone  
  22  2:10  Overlord  
  22  2:21  Drone  
  23  2:32  Roach  
  25  2:37  Drone  
  25  2:41  Overlord  
  26  2:44  Roach  
  28  2:56  Roach  
  30  3:08  Overlord  
  30  3:09  Roach  
  32  3:15  Drone  
  32  3:18  Drone  
  34  3:21  Roach  
  34  3:23  Drone  
  37  3:33  Ravager x4, Roach  
  43  3:45  Roach  
  43  3:46  Overlord  
  45  3:54  Drone  
  46  3:58  Roach  
  48  4:04  Drone  
  48  4:08  Baneling Nest  
  48  4:11  Drone  
  48  4:13  Drone, Roach  
  48  4:16  Overlord  
  52  4:24  Evolution Chamber  
  52  4:25  Drone  
  52  4:34  Roach  
  54  4:46  Roach  
  56  5:31  Zergling x2  
  56  6:33  Roach, Overlord, Lair  
  56  6:35  Spore Crawler  
  56  6:36  Spore Crawler  
  58  6:40  Roach  
  58  6:41  Hatchery  
  58  6:46  Roach  
  59  6:52  Overlord  
  59  7:01  Spine Crawler  
  59  7:03  Spine Crawler  
  57  7:13  Roach  
  51  7:29  Zergling x4  
  51  7:34  Zergling x2  
  51  7:35  Drone, Zergling x2  
  52  7:37  Overseer  
  52  7:41  Overseer  
  52  7:42  Evolution Chamber, Overlord, Roach  
  39  7:57  Drone x2  
  39  7:58  Drone, Hatchery  
Tags
 
Add a new tag
Caveats
  • Supply blocks, unpowered buildings, or Contaminate may cause inaccurate times.
  • Supply counts are checked every 10 seconds.